 Dungeon Crawl Stone Soup version 0.26-a0-597-gb535b0901c (webtiles) character file.

Game seed: 8472781895632401257

6569 Lugonue the Thaumaturge (level 10, -1/54 HPs)
             Began as a Deep Elf Venom Mage on Aug 31, 2020.
             Was a High Priest of Okawaru.
             Slain by Jorgrun
             ... wielding a +0 vorpal quarterstaff
              (12 damage)
             ... on level 1 of the Orcish Mines.
             The game lasted 00:28:59 (12978 turns).

Lugonue the Thaumaturge (Deep Elf Venom Mage)      Turns: 12978, Time: 00:29:00

Health: -1/54      AC:  9    Str:  5    XL:     10   Next: 70%
Magic:  24/26      EV: 11    Int: 24    God:    Okawaru [*****.]
Gold:   770        SH:  0    Dex: 21    Spells: 15/29 levels left

rFire    + . .     SeeInvis .   v - +0 shortbow
rCold    + . .     Faith    .   (shield currently unavailable)
rNeg     . . .     Spirit   .   t - +3 leather armour {rF+}
rPois    .         Reflect  .   (no helmet)
rElec    .         Harm     .   G - +2 cloak
rCorr    .                      (no gloves)
MR       +....                  (no boots)
Stlth    ++++......             (no amulet)
HPRegen  0.18/turn              s - ring of protection from cold
MPRegen  0.20/turn              g - +6 ring of dexterity

@: about to teleport, grasped by roots, constricted
A: no striking features
a: Heroism, Finesse, Renounce Religion


You were on level 1 of the Orcish Mines.
You worshipped Okawaru.
Okawaru was extremely pleased with you.
You visited 3 branches of the dungeon, and saw 12 of its levels.

You collected 770 gold pieces.

Inventory:

Hand Weapons
 v - a +0 shortbow (weapon)
Missiles
 k - 83 arrows (quivered)
Armour
 t - a +3 leather armour of fire resistance (worn)
 G - a +2 cloak (worn)
Jewellery
 g - a +6 ring of dexterity (right hand)
 s - a ring of protection from cold (left hand)
Wands
 a - a wand of flame (4)
 d - a wand of paralysis (21)
 n - a wand of polymorph (6)
 u - a wand of random effects (20)
 B - a wand of disintegration (12)
 D - a wand of enslavement (6)
Scrolls
 c - a scroll of fog
 i - a scroll of teleportation
 j - 8 scrolls of remove curse
 m - 2 scrolls of enchant weapon
 w - a scroll of amnesia
 x - 3 scrolls of magic mapping
Potions
 e - a potion of ambrosia
 f - 4 potions of stabbing
 h - 3 potions of haste
 o - a potion of cancellation
 p - a potion of curing
 q - a potion of magic {unknown}
 r - 5 potions of might
 z - 2 potions of lignification
 E - a potion of mutation {unknown}
 F - a potion of flight {unknown}


   Skills:
 + Level 2.5 Fighting
 + Level 9.7 Bows
 + Level 2.2 Armour
 + Level 3.9 Dodging
 * Level 9.6 Stealth
 + Level 0.5 Unarmed Combat
 + Level 10.2 Spellcasting
 + Level 3.0 Summonings
 + Level 4.7 Transmutations
 + Level 0.6 Fire Magic
 + Level 1.8 Air Magic
 + Level 7.7 Poison Magic
 + Level 0.7 Evocations


You had 15 spell levels left.
You knew the following spells:

 Your Spells              Type           Power        Failure   Level
a - Sting                 Tmut/Pois      ####         1%          1
c - Ignite Poison         Fire/Tmut/Pois ####....     4%          3
d - Olgreb's Toxic Radia  Pois           #####...     3%          4
e - Call Canine Familiar  Summ           ####....     7%          3
f - Mephitic Cloud        Conj/Pois/Air  ####....     7%          3

Your spell library contained the following spells:

 Spells                   Type           Power        Failure   Level
 Poisonous Vapours        Pois/Air       #####.       1%          2
 Summon Small Mammal      Summ           ####         2%          1
 Call Imp                 Summ           ####....     3%          2
 Summon Guardian Golem    Hex/Summ       ###.....     13%         3
 Summon Lightning Spire   Summ/Air       ###.....     30%         4
 Summon Ice Beast         Ice/Summ       ###.....     41%         4


Dungeon Overview and Level Annotations

Branches:
Dungeon (10/15)            Temple (1/1) D:5             Orc (1/2) D:10
   Lair: D:8-11

Altars:
Ashenzari
Cheibriados
Dithmenos
Elyvilon
Hepliaklqana
Kikubaaqudgha
Makhleb
Nemelex Xobeh
Okawaru
Ru
Trog
Uskayaw
Vehumet
Wu Jian
Xom
Yredelemnul
Zin
The Shining One

Shops:
D:4 }   D:9 [

Annotations:
Orc:1 Jorgrun


Message History

Something barely misses Jorgrun.
Something claws Jorgrun.
Something closely misses Jorgrun.
Jorgrun is engulfed in noxious fumes.
Jorgrun gestures next to you while chanting.
Some rock shatters into small pieces.
The grasping roots constrict you!
As you read the scroll of teleportation, it crumbles to dust.
You feel strangely unstable.
Jorgrun is engulfed in noxious fumes.
The grasping roots constrict you!
Okay, then.
Unknown command.
Evoke which item? (* to show all) (? for menu, Esc to quit)
Aiming: Paralyse
Press: ? - help, Shift-Dir - straight line, f/p - Jorgrun
Aim: Jorgrun, wielding a +0 vorpal quarterstaff and wearing a +0 robe (lightly wounded, chance to defeat MR: 0%)
Okay, then.
Unknown command.
Okay, then.
The roots' grasp on you weakens, but your attempt to escape fails.
Jorgrun hits you with a +0 vorpal quarterstaff!
* * * LOW HITPOINT WARNING * * *
x2 You die...

## ## .# #.## ### .#
...## # ##.## ### .#
....#. . #...###.#####.#
..... ..
##.###...##.##.#.#.##...
##...##...#...#..#....#.#
#...............@gT......
##...##.........#.○.°.C..
#####......#.....°.°....
#.................... ##.
#....................
#...#..#..........#....##
#....##.#.............
#.....................
#...#.#..................


You could see Jorgrun, an ettin and a troll (confused).

Vanquished Creatures
  A two-headed ogre (D:9)
  Erica (D:8)
  2 hippogriffs
  Eustachio (D:5)
  Grum (D:9)
  A water moccasin (D:9)
  8 orc warriors
  An eye of draining (D:10)
  3 wolves (D:9)
  5 centaurs
  A big kobold (D:9)
  5 bullfrogs
  A gnoll sergeant (D:9)
  A wyvern skeleton (D:9)
  A scorpion (D:4)
  9 killer bees
  7 wights
  A nameless horror (D:5)
  A howler monkey (D:4)
  A jelly (D:10)
  A bullfrog zombie (D:5)
  2 hounds
  A quasit (D:9)
  7 orc wizards
  11 orc priests
  2 iguanas
  4 worker ants
  A worker ant zombie (D:5)
  8 gnolls
  7 adders
  2 ufetubi
  An ooze (D:1)
  An adder skeleton (D:7)
  9 worms
  3 dart slugs
  7 leopard geckos
  45 orcs
  3 ball pythons
  7 giant cockroaches
  11 goblins
  5 hobgoblins
  6 jackals
  10 kobolds
  2 quokkas
  8 bats
  4 frilled lizards
  A jackal skeleton (D:4)
  7 rats
228 creatures vanquished.

Vanquished Creatures (collateral kills)
  An ice beast (D:10)
  An ogre (D:10)
  A necrophage (D:10)
  A phantom (D:7)
  A bullfrog (D:8)
  A nameless horror (D:5)
  8 wights
  A quasit (D:10)
  A hound (D:7)
  An orc wizard (D:10)
  An orc priest (D:8)
  A bullfrog skeleton (D:5)
  3 bullfrog zombies
  A centaur skeleton (D:9)
  A hound zombie (D:5)
  A hound skeleton (D:5)
  A worker ant zombie (D:6)
  2 adders (D:10)
  A white imp (D:9)
  A leopard gecko skeleton (D:5)
30 creatures vanquished.

Vanquished Creatures (others)
  3 plants (D:6)
3 creatures vanquished.

Grand Total: 261 creatures vanquished

Notes
Turn   | Place    | Note
-------+----------+-------------------------------------------
     0 | D:1      | Lugonue the Deep Elf Venom Mage began the quest for the
                  | Orb.
     0 | D:1      | Reached XP level 1. HP: 10/10 MP: 6/6
   150 | D:1      | Reached XP level 2. HP: 2/15 MP: 5/8
   791 | D:1      | You fall into a shaft and drop 1 floor!
   822 | D:2      | Reached XP level 3. HP: 18/19 MP: 7/9
   827 | D:2      | Learned a level 2 spell: Poisonous Vapours
  1056 | D:2      | Found a burning altar of Makhleb.
  1056 | D:2      | Found a shimmering altar of Xom.
  1098 | D:2      | Found a faded altar of an unknown god.
  1341 | D:2      | Reached skill level 4 in Spellcasting
  1573 | D:2      | Reached XP level 4. HP: 24/24 MP: 6/12
  1703 | D:2      | Found an ancient bone altar of Kikubaaqudgha.
  1739 | D:2      | Learned a level 3 spell: Ignite Poison
  2289 | D:3      | Learned a level 4 spell: Olgreb's Toxic Radiance
  2858 | D:3      | Reached XP level 5. HP: 25/28 MP: 8/14
  3422 | D:4      | Reached skill level 5 in Spellcasting
  3422 | D:4      | Reached skill level 5 in Poison Magic
  3523 | D:4      | Found Dozalet's Gadget Shop.
  3588 | D:4      | Reached skill level 1 in Air Magic
  3588 | D:4      | Reached XP level 6. HP: 28/32 MP: 2/16
  3972 | D:4      | Found a sacrificial altar of Ru.
  4232 | D:4      | Reached skill level 6 in Spellcasting
  4300 | D:4      | Reached skill level 5 in Stealth
  4300 | D:4      | Reached XP level 7. HP: 36/36 MP: 13/18
  4628 | D:5      | Entered Level 5 of the Dungeon
  4690 | D:5      | Found a staircase to the Ecumenical Temple.
  4726 | Temple   | Entered the Ecumenical Temple
  4845 | Temple   | Became a worshipper of Warmaster Okawaru
  4886 | D:5      | Noticed Eustachio
  4894 | D:5      | Killed Eustachio
  5212 | D:5      | Learned a level 3 spell: Call Canine Familiar
  5636 | D:5      | Reached skill level 7 in Spellcasting
  6443 | D:6      | Reached skill level 1 in Bows
  6443 | D:6      | Reached skill level 1 in Summonings
  6443 | D:6      | Reached * piety under Okawaru
  6443 | D:6      | Reached XP level 8. HP: 30/42 MP: 17/20
  6775 | D:6      | Found a snail-covered altar of Cheibriados.
  6866 | D:7      | Reached skill level 1 in Fighting
  7357 | D:7      | Reached skill level 5 in Bows
  7566 | D:7      | Found a radiant altar of Vehumet.
  7599 | D:7      | Found a hazy altar of Hepliaklqana.
  7701 | D:7      | Reached ** piety under Okawaru
  8208 | D:7      | Noticed a hippogriff
  8217 | D:7      | Killed a hippogriff
  8217 | D:7      | Reached skill level 1 in Armour
  8217 | D:7      | Reached XP level 9. HP: 41/48 MP: 14/22
  8347 | D:7      | Found a burning altar of Makhleb.
  8567 | D:8      | Reached skill level 8 in Spellcasting
  8735 | D:8      | Noticed Erica
  8743 | D:8      | Learned a level 3 spell: Mephitic Cloud
  8752 | D:8      | Killed Erica
  9165 | D:8      | Found a shadowy altar of Dithmenos.
  9330 | D:8      | Reached *** piety under Okawaru
  9882 | D:9      | Reached skill level 9 in Spellcasting
 10309 | D:9      | Noticed a two-headed ogre
 10316 | D:9      | Killed a two-headed ogre
 10316 | D:9      | Reached **** piety under Okawaru
 10316 | D:9      | Reached XP level 10. HP: 54/54 MP: 16/25
 10538 | D:9      | Found a shattered altar of Ashenzari.
 10764 | D:9      | Reached ***** piety under Okawaru
 10834 | D:9      | Noticed Grum
 10842 | D:9      | Killed Grum
 10920 | D:9      | Found Kuneta's Armour Shop.
 11142 | D:10     | Entered Level 10 of the Dungeon
 11299 | D:10     | Reached skill level 10 in Spellcasting
 11994 | D:10     | Received a gift from Okawaru
 12031 | D:10     | Found a staircase to the Orcish Mines.
 12689 | Orc:1    | Entered Level 1 of the Orcish Mines
 12709 | Orc:1    | Noticed a stone giant
 12973 | Orc:1    | Noticed Jorgrun
 12976 | Orc:1    | Noticed an ettin
 12978 | Orc:1    | Slain by Jorgrun

Illustrated notes

Levels and vault maps discovered:
D:1:      erik_arrival_triangle_small, layout_rooms
D:2:      layout_loops_cross, grunt_temple_overflow_open,
          lemuel_coloured_pillars_altar, chequers_ecumenical_altar_island
D:3:      layout_loops_ring
D:4:      layout_loops_ring, nicolae_overflow_hidden_temple,
          nicolae_gozag_cash_rules_everything_around_me, serial_shops,
          kennysheep_mini_moat, cheibrodos_sewer_entry_bend, grunt_ministairs_9,
          nicolae_ru_sacrificial_ziggurat
D:5:      layout_rooms, temple_pool_b, serial_undead, serial_undead_d,
          serial_undead_e, serial_undead_c, serial_undead_b, serial_undead_f,
          minmay_misc_feat_diagonals, uniq_eustachio
D:6:      layout_cave_pools, cheibrodos_worm_habitat, fedhas_ov_isle_minmay,
          gammafunk_ghost_mausoleum, nicolae_qazlal_eye_of_the_storm,
          uniq_sigmund
D:7:      layout_gridville, nicolae_overflow_crystal_walls, old_standard_altar,
          basic_altar
D:8:      layout_basic, grunt_dithmenos_smoke, uniq_erica
D:9:      layout_basic, kennysheep_mini, serial_glass, glass_columns_b,
          glass_columns_a, serial_shops, shop, uniq_grum
D:10:     layout_layer_cave, david_orc_4
Temple:   nicolae_temple_figure_zero
Orc:1:    layout_caves, uniq_jorgrun

Skill      XL: |  1  2  3  4  5  6  7  8  9 10 |
---------------+-------------------------------+-----
Poison Magic   | 4 5 6 7 |  7.7
Spellcasting   | 4 5 6 7 9 10 | 10.2
Stealth        | 3 5 6 8 9 |  9.6
Transmutations | 2 3 4 |  4.7
Air Magic      | 1 |  1.8
Dodging        | 3 |  3.9
Bows           | 1 6 8 9 |  9.7
Summonings     | 1 2 3 |  3.0
Fighting       | 1 2 |  2.5
Armour         | 1 2 |  2.2
Unarmed Combat | |  0.5
Fire Magic     | |  0.6
Evocations     | |  0.7

Action                   |  1- 3 |  4- 6 |  7- 9 | 10-12 || total
-------------------------+-------+-------+-------+-------++-------
Melee: Unarmed           |       |     3 |    14 |       ||    17
       Shortbow          |       |       |       |     1 ||     1
 Fire: Shortbow          |       |       |   336 |   125 ||   461
 Cast: Sting             |    39 |    72 |    38 |    13 ||   162
       Poisonous Vapours |    16 |    27 |    20 |       ||    63
       Olgreb's Toxic Ra |       |     7 |    16 |    23 ||    46
       Ignite Poison     |       |     2 |    13 |    12 ||    27
       Call Canine Famil |       |       |    36 |     7 ||    43
       Mephitic Cloud    |       |       |     1 |     2 ||     3
Invok: Heroism           |       |       |     1 |       ||     1
Evoke: Wand              |       |       |    14 |       ||    14
  Use: Scroll            |     2 |    13 |     6 |     6 ||    27
       Potion            |       |       |     3 |     2 ||     5
Armor: Robe              |     6 |     5 |    16 |       ||    27
       Leather armour    |       |       |    34 |    24 ||    58
Dodge: Dodged            |    22 |    27 |   135 |    57 ||   241

Table legend: (Time is in decaauts)
 A = Elapsed time spent in this place.
 B = Non-inter-level travel time spent in this place.
 C = Inter-level travel time spent in this place.
 D = Time resting spent in this place.
 E = Time spent auto-exploring this place.
 F = Levels seen in this place.
 G = Mean time per level.
                   A        B        C        D        E       F      G
               +--------+--------+--------+--------+--------+-----+--------+
         Total |  13000 |  12620 |    380 |    627 |   9546 |  12 | 1083.3 |
       Dungeon |  12487 |  12129 |    358 |    332 |   9421 |  10 | 1248.7 |
        Temple |    224 |    202 |     22 |     87 |    107 |   1 |  224.0 |
  Orcish Mines |    288 |    288 |      0 |    208 |     18 |   1 |  288.0 |
               +--------+--------+--------+--------+--------+-----+--------+

Top non-repeatable levels by time:
     D:7: 1776 daAuts
     D:5: 1566 daAuts
    D:10: 1535 daAuts
     D:3: 1346 daAuts
     D:8: 1289 daAuts
     D:2: 1289 daAuts
     D:9: 1285 daAuts
     D:4: 1207 daAuts
     D:1: 790 daAuts
     D:6: 400 daAuts
   Orc:1: 288 daAuts
  Temple: 224 daAuts
